 Dungeon Crawl Stone Soup version 0.31-a0-175-g9f7f995f2b (webtiles) character file.

Game seed: 2381666868430999797

93 qw the Chopper (level 4, -1/28 HPs)
             Began as a Gargoyle Fighter on June 17, 2023.
             Slain by a gnoll
             ... wielding a +0 spear
              (3 damage)
             ... on level 3 of the Dungeon.
             The game lasted 00:01:04 (1869 turns).

qw the Chopper (Gargoyle Fighter)                   Turns: 1869, Time: 00:01:05

Health: -1/28      AC: 10    Str: 22    XL:     4   Next: 62%
Magic:  0/4        EV:  9    Int:  8    God:
Gold:   159        SH:  4    Dex:  9    Spells: 3/3 levels left

rFire   . . .        Y - +2 war axe
rCold   . . .        c - +0 buckler
rNeg    + + .        b - +0 scale mail
rPois   inf          (no helmet)
rElec   +            (no cloak)
rCorr   .            (no gloves)
SInv    .            (no boots)
Will    .....        i - amulet of guardian spirit Stlth
                     f - ring of positive energy
HPRegen 0.24/turn    (no ring)
MPRegen 0.09/turn

%: guardian spirit
@: no status effects
A: sickness immunity, AC +3, negative energy resistance 1, electricity
resistance, torment resistance 1, petrification resistance
a: no special abilities


You were on level 3 of the Dungeon.
You visited 1 branch of the dungeon, and saw 3 of its levels.

You collected 159 gold pieces.


Innate Abilities, Weirdness & Mutations

You are immune to sickness and miasma.
Your stone body is resilient. (AC +3)
You are immune to poison.
You resist negative energy. (rN+)
You are resistant to electric shocks. (rElec)
You are resistant to unholy torment.
You are immune to petrification.


   Skills:
 - Level 3.2 Fighting
 + Level 4.2 Axes
 - Level 3.2 Armour
 - Level 3.2 Shields


You had 3 spell levels left.
You didn't know any spells.
Your spell library was empty.

Inventory:

Hand Weapons
 a - the +8 mace "Ogrebane" {heavy, rElec rC+}
   (You found it on level 2 of the Dungeon)

   rC:        It protects you from cold.
   rElec:     It insulates you from electricity.
 Y - a +2 war axe (weapon)
Armour
 b - a +0 scale mail (worn)
 c - a +0 buckler (worn)
 k - a +0 pair of gloves
Jewellery
 f - a ring of positive energy (left hand)
 i - an amulet of guardian spirit (around neck)
 m - a ring of fire
Scrolls
 g - a scroll of blinking {unknown}
 h - 2 scrolls of identify
Potions
 d - a potion of might
 e - a potion of mutation {unknown}
 j - 2 potions of attraction
 l - a potion of heal wounds {unknown}

Dungeon Overview and Level Annotations

Branches:
Dungeon (3/15)

Altars:


Message History

The sling bullet hits you but does no damage.
Enter note:
Enter note: The goblin unwields a +0 sling.
The goblin wields a +0 dagger.
The goblin hits you with a +0 dagger.
You closely miss the goblin.
The gnoll shouts!
You hear a shout!
A gnoll comes into view. It is wielding a +0 spear.
The goblin closely misses you.
You slash the goblin!
You kill the goblin!
The gnoll barely misses you.
You barely miss the gnoll. The gnoll closely misses you.
The gnoll hits you with a +0 halberd!
You closely miss the gnoll.
The gnoll hits you but does no damage. x3
You barely miss the gnoll. The gnoll closely misses you.
The gnoll hits you from afar with a +0 spear.
You barely miss the gnoll. The gnoll hits you but does no damage.
The gnoll barely misses you.
You slash the gnoll!
The gnoll is severely wounded.
The gnoll completely misses you. The gnoll hits you with a +0 halberd!
You barely miss the gnoll.
The gnoll is severely wounded.
The gnoll closely misses you. You block the gnoll's attack.
The gnoll barely misses you.
The gnoll hits you from afar with a +0 spear.
You slash the gnoll!
You kill the gnoll!
The gnoll barely misses you.
The gnoll hits you from afar with a +0 spear.
The gnoll hits you with a +0 spear.
You see here a +0 halberd.
Enter note:
Enter note: You closely miss the gnoll.
The gnoll hits you but does no damage. The gnoll hits you with a +0 spear.
You die...

######
########g.....
#..)..@g#
#.####.##
##+###.##
#.....##)#
#####........#
...)....######.
#####.........#
##......######
#...##.......#


You could see 2 gnolls.

Vanquished Creatures
  4 adders
  A gnoll (D:3)
  2 worms (D:2)
  2 dart slugs (D:1)
  5 bats
  An endoplasm (D:3)
  A giant cockroach (D:2)
  4 goblins
  5 hobgoblins
  5 kobolds
  2 quokkas
  5 ball pythons
  A frilled lizard (D:1)
  2 rats
40 creatures vanquished.

Notes
Turn   | Place    | Note
-------+----------+-------------------------------------------
     0 | D:1      | qw the Gargoyle Fighter began the quest for the Orb.
     0 | D:1      | Reached XP level 1. HP: 14/14 MP: 1/1
     0 | D:1      | 0 ||| qw: Version: 0.3-a-2-g5ab2908
     0 | D:1      | 0 ||| qw: Game counter: 151
     0 | D:1      | 0 ||| qw: Always use a shield: true
     0 | D:1      | 0 ||| qw: God list: Okawaru
     0 | D:1      | 0 ||| qw: Allow faded altars: false
     0 | D:1      | 0 ||| qw: Do Orc after D:15 true
     0 | D:1      | 0 ||| qw: Do second Lair branch before Depths: true
     0 | D:1      | 0 ||| qw: Lair rune preference: random
     0 | D:1      | 0 ||| qw: Plans: Normal, Zot:1-4, Slime:5, God:TSO, Crypt,
                  | Tomb, Abyss, Pan, Hells, Win
     0 | D:1      | 0 ||| PLANNING D:1-11
     9 | D:1      | 9 ||| Stepping ~*~*~tactically~*~*~ (hiding).
    12 | D:1      | 12 ||| Stepping ~*~*~tactically~*~*~ (hiding).
    23 | D:1      | 23 ||| FLEEEEING.
    44 | D:1      | Reached skill level 2 in Axes
   120 | D:1      | Reached XP level 2. HP: 19/19 MP: 2/2
   130 | D:1      | 130 ||| Stepping ~*~*~tactically~*~*~ (hiding).
   418 | D:1      | Found a faded altar of an unknown god.
   522 | D:1      | Reached skill level 3 in Axes
   717 | D:1      | 717 ||| DROPPING orb of mayhem.
   718 | D:1      | 718 ||| UPGRADING to amulet of guardian spirit.
   723 | D:1      | 723 ||| DROPPING ring of flight.
   724 | D:1      | 724 ||| READING scroll labelled XAONWE MUBOXUV.
   725 | D:1      | 725 ||| READING 3 scrolls labelled HIC YN KANE.
   726 | D:1      | 726 ||| READING scroll labelled GOICWA TODGHI.
   727 | D:1      | 727 ||| READING 2 scrolls of identify.
   727 | D:1      | 727 ||| IDENTIFYING fizzy pink potion
   798 | D:2      | Reached XP level 3. HP: 23/23 MP: 3/3
   807 | D:2      | Identified the +8 mace "Ogrebane" {heavy, rElec rC+}
   809 | D:2      | 809 ||| DROPPING +0 mace.
   944 | D:2      | 944 ||| UPGRADING to ring of positive energy.
   945 | D:2      | 945 ||| READING scroll labelled TEREBLI DETEE.
  1170 | D:2      | 1170 ||| Stepping ~*~*~tactically~*~*~ (stealth).
  1182 | D:2      | 1182 ||| Stepping ~*~*~tactically~*~*~ (stealth).
  1515 | D:2      | 1515 ||| READING scroll labelled KEUM SEUSO.
  1593 | D:2      | 1593 ||| READING scroll of enchant weapon.
  1593 | D:2      | 1593 ||| ENCHANTING +1 war axe.
  1763 | D:3      | Reached XP level 4. HP: 28/28 MP: 4/4
  1820 | D:3      | Reached skill level 4 in Axes
  1865 | D:3      | HP: 7/28 [gnoll/+0 halberd (11)]
  1868 | D:3      | HP: 2/28 [gnoll/+0 spear (4)]
  1869 | D:3      | Slain by a gnoll

Levels and vault maps discovered:
D:1:      dpeg_arrival_pond, layout_basic, ebering_ecumenical_altar_webs,
          minmay_heptomino_l4
D:2:      layout_loops_ring, chequers_serial_rivers_micro_c, minmay_puff
D:3:      layout_basic, cheibrodos_ashenzari_chains, kennysheep_orc_sif_temple,
          minmay_misc_feat_rugged, reono_crystal_passage, minmay_cut_off

Skill      XL: |  1  2  3  4 |
---------------+-------------+-----
Axes           | 2 3 4 |  4.2
Fighting       | |  3.2
Armour         | |  3.2
Shields        | |  3.2

Action                     |  1- 3 |  4- 6 || total
---------------------------+-------+-------++-------
  Melee: War axe           |    95 |    20 ||   115
    Use: Scroll            |     7 |       ||     7
 Armour: Scale mail        |    44 |     9 ||    53
  Dodge: Dodged            |    36 |    11 ||    47
  Block: Buckler           |    12 |     3 ||    15

Table legend:
 A = Non-vault XP
 B = Vault XP
 C = Vault XP percentage of total XP
 D = Non-vault monster count
 E = Vault monster count
 F = Vault count percentage of total count
                 A         B        C        D         E       F
            +---------+---------+-------+---------+---------+-------
      Total |     110 |      24 |  17.9 |      33 |       7 |  17.5
            +---------+---------+-------+---------+---------+-------
        D:1 |      25 |       5 |  16.7 |      13 |       3 |  18.8
        D:2 |      29 |      17 |  37.0 |      14 |       3 |  17.6
        D:3 |      56 |       2 |   3.4 |       6 |       1 |  14.3
            +---------+---------+-------+---------+---------+-------
